[Event "Late-Titled-Tuesday-Blitz-April-02-2024"]
[Site "Chess.com"]
[Date "2024.04.02"]
[Round "4"]
[White "Cluke86"]
[Black "Quattroporte300"]
[Result "1/2-1/2"]
[WhiteElo "2327"]
[BlackElo "2490"]
[TimeControl "180+1"]
[EndTime "14:38:15 PDT"]
[Termination "Game drawn - insufficient material"]

1. e4 c5 2. Nc3 Nc6 3. f4 d6 4. Nf3 g6 5. Bb5 Bg7 6. d3 Nf6 7. a4 O-O 8. Bxc6 bxc6 9. O-O Bg4 10. h3 Bxf3 11. Qxf3 Nd7 12. a5 Rb8 13. Kh1 a6 14. Qf2 Bd4 15. Qe1 Kg7 16. b3 e6 17. Bb2 Qf6 18.
Ra4 h5 19. Qa1 Rb4 20. Rxb4 cxb4 21. Nd1 Bxb2 22. Qxb2 Qxb2 23. Nxb2 d5 24. Na4 Rb8 25. Ra1 Rb5 26. Nb2 Nc5 27. exd5 cxd5 28. d4 Nb7 29.
Nd3 Nxa5 30. Ne5 Kf6 31. g4 hxg4 32. hxg4 g5 33. fxg5+ Kxg5 34. Nxf7+ Kxg4 35. Ne5+ Kf4 36. Kg2 Ke3 37. Nf3 Kf4 38. Kf2 Kf5 39. Ne5 Ke4 40. Nf3 Kf4 41. Ke2 Ke4 42. Kf2 Nc6 43. Rxa6 Nxd4 44.
Nxd4 Kxd4 45. Rxe6 Rc5 46. Re2 Kc3 47. Ke1 d4 48.
Rd2 Re5+ 49. Kd1 Rh5 50. Rd3+ Kb2 51. Rxd4 Rh1+ 52. Kd2 Rh2+ 53. Kd1 Rxc2 54. Rxb4 Rc3 55. Rb8 Rxb3 56. Rxb3+ Kxb3 1/2-1/2

[Event "Late-Titled-Tuesday-Blitz-April-02-2024"]
[Site "Chess.com"]
[Date "2024.04.02"]
[Round "4"]
[White "campochess"]
[Black "ElephantChessGenius"]
[Result "1-0"]
[WhiteElo "2187"]
[BlackElo "2322"]
[TimeControl "180+1"]
[EndTime "14:38:15 PDT"]
[Termination "campochess won on time"]

1. Nf3 c5 2. b3 Nc6 3. Bb2 Nf6 4. c4 d5 5. cxd5 Nxd5 6. g3 e6 7. Bg2 Be7 8. O-O O-O 9. Nc3 Nc7 10. d3 Rb8 11.
Rc1 b6 12. Ne4 f6 13. Ned2 e5 14. Nc4 Be6 15. Nfd2 Nd5 16. a3 b5 17. Bxd5 Bxd5 18. Ne3 Be6 19. Ne4 Qb6 20. Qc2 Nd4 21. Qd1 Nxb3 22. Nc3 Nxc1 23. Qxc1 Rfd8 24. Ne4 Rbc8 25. Qc2 a5 26. Rc1 h5 27. h4 a4 28. Qb1 b4 29. Qa1 b3 30. Nc4 Bxc4 31. Rxc4 Qb5 32. Nc3 Qb7 33. Nxa4 Rc6 34. Nc3 Rd4 35. Ne4 Rxc4 36.
dxc4 Rc8 37. Nc3 Qa6 38. Nb5 Qa4 39. Qc1 Rb8 40. Nc7 Bd6 41. Nd5 Qa6 42. Qc3 Rd8 43.
Qxb3 Rb8 44. Qc2 Rxb2 45. Qxb2 Qxc4 46. Qb7 Qxe2 47. Qc8+ Kh7 48. Qe6 Qd1+ 49. Kg2 Bf8 50. Ne3 Qd3 51. a4 Qe4+ 52. Kg1 Qxa4 53. Qf5+ Kg8 54.
Qxh5 Qa1+ 55. Kg2 Qa8+ 56. Kg1 Qc6 57. Qf5 c4 58. Qc2 c3 59. Qb3+ Kh8 60. Qf7 Bb4 61.
Nf5 1-0

[Event "Late-Titled-Tuesday-Blitz-April-02-2024"]
[Site "Chess.com"]
[Date "2024.04.02"]
[Round "4"]
[White "Polish_fighter3000"]
[Black "KuzubovYuriy"]
[Result "1-0"]
[WhiteElo "3160"]
[BlackElo "2920"]
[TimeControl "180+1"]
[EndTime "14:38:17 PDT"]
[Termination "Polish_fighter3000 won on time"]

1. d4 Nf6 2. c4 e6 3. Nf3 d5 4.
Nc3 Nbd7 5. Qc2 Be7 6. Bf4 O-O 7.
e3 c5 8. dxc5 dxc4 9. c6 bxc6 10.
Bxc4 Nb6 11. Rd1 Nfd5 12. Bd3 h6 13. O-O c5 14. Be5 Bb7 15. Bh7+ Kh8 16. e4 Nb4 17. Qc1 Bg5 18. Qb1 Nd7 19. Nxg5 hxg5 20. Bd6 Re8 21.
e5 Qb6 22. Rfe1 Nf8 23. Re3 Nxh7 24. Rh3 g6 25. Qc1 Kg8 26. Rxh7 Kxh7 27. Qxg5 Qc6 28. a3 Nc2 29. f3 Nd4 30. Ne4 Rh8 31. Qf6 Kg8 32. Bxc5 Nf5 33. Ng5 Qe8 34. b4 Ng7 35.
g4 Rc8 36. a4 a5 37. Kg2 axb4 38. Bxb4 Rc2+ 39. Kg3 Rc8 40. h4 Bd5 41. a5 Qd7 42.
a6 Ne8 43. Qf4 Nc7 44. a7 Na8 45. Rxd5 exd5 46. e6 fxe6 47. Qf6 Qe8 48. Bd6 Rh7 49. Be5 Qf7 50. Nxf7 Rxf7 51. Qxg6+ Kf8 52. Bd6+ Ke8 53.
Qxe6+ Kd8 54. Qxf7 1-0

[Event "Late-Titled-Tuesday-Blitz-April-02-2024"]
[Site "Chess.com"]
[Date "2024.04.02"]
[Round "4"]
[White "Nick12772"]
[Black "elcala"]
[Result "1-0"]
[WhiteElo "2411"]
[BlackElo "1807"]
[TimeControl "180+1"]
[EndTime "14:38:19 PDT"]
[Termination "Nick12772 won on time"]

1. Nf3 Nf6 2. g3 c5 3. Bg2 Nc6 4. d4 cxd4 5. Nxd4 Nxd4 6. Qxd4 d6 7. O-O g6 8. c4 Bg7 9. Nc3 O-O 10. b3 Qc7 11.
Bb2 Bd7 12. Nd5 Qd8 13. Rac1 Ne8 14. Qd2 Bxb2 15. Qxb2 Bc6 16. h4 e6 17. Ne3 Bxg2 18.
Nxg2 Qf6 19. Qxf6 Nxf6 20. Rfd1 Rfd8 21. Rd2 Kf8 22. Rcd1 Ke7 23. f3 b6 24. e4 Nh5 25. Kf2 h6 26. g4 Nf6 27. Ne3 g5 28. h5 Rac8 29. a4 a5 30. Nc2 Rc6 31. e5 Ne8 32. Re1 d5 33. Ne3 dxc4 34. Nxc4 Rxc4 35.
Rxd8 Rc2+ 36. Kg3 Kxd8 37. Rb1 Rc6 38. b4 axb4 39. Rxb4 Kc7 40. f4 gxf4+ 41. Rxf4 Rc3+ 42. Kh4 Re3 43. Rxf7+ Kc6 44. Re7 Nc7 45. g5 Re4+ 46. Kg3 hxg5 47. h6 Rh4 48. h7 Rh1 49. Kg2 Rh6 50.
Rg7 Nd5 51. Kg3 Ne3 52. Kf3 Nf5 53. Rf7 Nd4+ 54. Kg4 Nf5 55. Kxg5 Rh1 56. Kg6 Rg1+ 57. Kf6 Rh1 58. Kxe6 Rh6+ 59. Kxf5 1-0

[Event "Late-Titled-Tuesday-Blitz-April-02-2024"]
[Site "Chess.com"]
[Date "2024.04.02"]
[Round "4"]
[White "Road2GM3000"]
[Black "IamSchrodingersCat"]
[Result "1-0"]
[WhiteElo "2493"]
[BlackElo "2620"]
[TimeControl "180+1"]
[EndTime "14:38:20 PDT"]
[Termination "Road2GM3000 won by resignation"]

1. d4 Nf6 2. c4 g6 3. Nc3 Bg7 4. e4 d6 5. f4 c5 6. d5 O-O 7. Nf3 e6 8. Be2 exd5 9. exd5 Bg4 10. O-O Re8 11. Bd3 Nbd7 12. Bd2 a6 13. a4 Nh5 14. f5 Ne5 15. Be2 Bxf3 16. Bxf3 Nxc4 17. Bxh5 gxh5 18. Bf4 Qh4 19. Qb3 Ne3 20. Rf3 Bd4 21. Kh1 b5 22. Bxd6 Kh8 23. f6 Rg8 24. Bg3 Qg5 25. Ne4 Qg6 26. Rxe3 Bxe3 27. Qxe3 h4 28. Nxc5 hxg3 29. h3 Rad8 30. Rd1 Qxf6 31. axb5 axb5 32. Ne4 Qxb2 33. d6 Qg7 34. d7 f5 35. Nc5 Qf7 36. Qd4+ Qg7 37. Ne6 Qxd4 38. Rxd4 b4 39. Nxd8 Rxd8 40. Kg1 b3 41. Kf1 b2 42.
Rb4 Rxd7 43. Rxb2 f4 44. Ke2 h5 45. Kf3 Kh7 46. Rb6 Rg7 47. Rb5 h4 48. Rh5+ Kg6 49. Rxh4 Kf5 50. Rxf4+ Ke5 51. Rg4 Rf7+ 52. Kxg3 Ra7 53.
Rf4 Ra3+ 54. Rf3 Ra2 55. h4 Ra1 56. h5 Rh1 57. Kg4 Ke4 58. Rf8 Ke5 59. Kg5 Ke6 60.
g4 Ke7 61. Rf5 Rd1 62. Kg6 Ke6 63. h6 Rf1 64. Rxf1 1-0

[Event "Late-Titled-Tuesday-Blitz-April-02-2024"]
[Site "Chess.com"]
[Date "2024.04.02"]
[Round "4"]
[White "zajka-molotok"]
[Black "Godzillator"]
[Result "0-1"]
[WhiteElo "2533"]
[BlackElo "2388"]
[TimeControl "180+1"]
[EndTime "14:38:21 PDT"]
[Termination "Godzillator won by resignation"]

1. e4 d5 2. exd5 Qxd5 3. Nc3 Qd8 4. d4 c6 5. Nf3 Nf6 6. Ne5 Be6 7.
f4 g6 8. Be3 Nd5 9. Nxd5 Bxd5 10.
Qd2 Bg7 11. Bd3 Nd7 12. c4 Nxe5 13. fxe5 Be6 14. O-O O-O 15. Rad1 Bg4 16. Be2 Bxe2 17. Qxe2 e6 18. Rf3 Qa5 19. b3 Rad8 20. Rdf1 c5 21.
dxc5 Bxe5 22. Kh1 Bg7 23. Qf2 f5 24. Qh4 Rd7 25. Rh3 Bf6 26. Qf2 Rfd8 27. c6 bxc6 28. Bxa7 Qd2 29. Rf3 Qxf2 30. R3xf2 Rxa7 31. Re2 e5 32. g4 f4 33. g5 Bg7 34. h4 c5 35. Kg2 Rad7 36. Kf3 Rd3+ 37. Kf2 Rd2 38. Re1 e4 39. a4 f3 40. Rxd2 Rxd2+ 41. Ke3 Re2+ 42. Rxe2 fxe2 43.
Kxe2 Bc3 44. Ke3 Kf7 45. Kxe4 Ke6 46. Kf4 Bb4 47. Ke4 Bd2 48. Kd3 Be1 49. Ke4 Bxh4 50. a5 Kd6 51. a6 Kc6 52. a7 Kb7 53. Kd5 Bxg5 54. Kxc5 Be3+ 55. Kd5 h5 56. Ke4 Bxa7 57. Kf4 Bd4 58. Kg5 Be3+ 59. Kh4 Bd2 60. Kg3 g5 61.
Kh3 Kb6 62. Kg3 Kc5 63. Kh3 Kb4 64. Kg3 Be3 65. Kf3 Bd4 66. Ke4 Ba7 67. Kf5 g4 68. Kf4 Kxb3 69. Kg3 Kxc4 70. Kh4 Kd3 71. Kg3 Ke2 72. Kh4 Kf3 0-1

[Event "Late-Titled-Tuesday-Blitz-April-02-2024"]
[Site "Chess.com"]
[Date "2024.04.02"]
[Round "4"]
[White "Russian_berezka"]
[Black "KaydenTroffChess"]
[Result "0-1"]
[WhiteElo "2584"]
[BlackElo "2842"]
[TimeControl "180+1"]
[EndTime "14:38:24 PDT"]
[Termination "KaydenTroffChess won by resignation"]

1. d4 Nf6 2. Bf4 g6 3. e3 Bg7 4. h3 O-O 5. Nf3 d6 6. c3 b6 7. Be2 Bb7 8. O-O Nbd7 9. Nbd2 Re8 10. Bh2 e5 11. dxe5 Nxe5 12. Nc4 Bxf3 13. gxf3 Nxc4 14.
Bxc4 Qd7 15. Kg2 a5 16. a4 Re7 17. Qd3 Qc6 18. Bf4 Qc5 19. Rad1 Nh5 20. Bh2 Qg5+ 21. Kh1 Qh4 22. Bd5 Rf8 23. Kg2 Qxa4 24. f4 Nf6 25.
Bf3 Qb3 26. Bg3 Qxb2 27. Bh4 Qb3 28. Rb1 Qe6 29. Rb5 Ree8 30. Rd1 Ne4 31. Rc1 Nc5 32. Qd1 Bf6 33. Bd5 Qe7 34. Bg3 Bh4 35. Bc6 Bxg3 36.
Bxe8 Bxf2 37. Bxf7+ Rxf7 38. Kxf2 Qd7 39. Rbb1 Qxh3 40.
Qd5 Qf5 41. Qxf5 Rxf5 42. Kf3 Kf7 43. Rh1 h5 44. Rhg1 Nd7 45. e4 Ne5+ 46. Ke3 Nc4+ 47. Kd4 Rc5 48. f5 gxf5 49. exf5 Ne5 50. Rbf1 Rc4+ 51. Kd5 Rxc3 52. f6 Rc5+ 53. Kd4 Ng4 54. Rh1 Nxf6 55. Rh2 Ke6 56. Rhf2 Rd5+ 57. Kc4 Rc5+ 58.
Kd4 Ng4 59. Rf7 Rd5+ 60. Kc4 Ne5+ 61. Kc3 Nxf7 62. Re1+ Ne5 63. Rh1 Nc6 64. Re1+ Re5 65. Rg1 Kd5 66. Rg7 Ne7 67. Rg6 Nxg6 68. Kd3 Re4 0-1

[Event "Late-Titled-Tuesday-Blitz-April-02-2024"]
[Site "Chess.com"]
[Date "2024.04.02"]
[Round "4"]
[White "merinasian"]
[Black "Gabcur"]
[Result "0-1"]
[WhiteElo "2488"]
[BlackElo "2338"]
[TimeControl "180+1"]
[EndTime "14:38:29 PDT"]
[Termination "Gabcur won by resignation"]

1. d4 d5 2. Nf3 Nf6 3. c4 c6 4. e3 e6 5. Nbd2 c5 6. Bd3 Nc6 7. O-O cxd4 8. exd4 dxc4 9. Nxc4 Be7 10. Nce5 O-O 11.
Nxc6 bxc6 12. Bf4 Qb6 13. Qc2 Ba6 14. Bxa6 Qxa6 15. Ne5 Rac8 16. Nd3 Nd5 17. Bg3 Nb4 18.
Nxb4 Bxb4 19. a3 Be7 20. b4 Rfd8 21. Rfd1 Qb5 22. Be5 a5 23. bxa5 Qxa5 24. a4 c5 25. dxc5 Rxd1+ 26. Rxd1 Rxc5 27. Qb2 Rxe5 28. Qb8+ Bf8 29. g3 Rd5 30. Rc1 Rd8 31. Qb3 Ra8 32. Rc4 g6 33. h4 h5 34. Qc2 Qd5 35. Kh2 Bg7 36. Rf4 Rd8 37. Qc7 Qd7 38. Qc4 e5 39. Rf3 Re8 40. a5 Qe6 41. Qb5 e4 42. Re3 Bd4 43. Re2 e3 44. fxe3 Bxe3 45. a6 Ra8 46. Qb7 Qxa6 47. Qxa8+ Qxa8 48. Rxe3 Kg7 49. Kh3 Qa2 50.
Rf3 Qa6 51. Rf4 Qe6+ 52. Kg2 Qe2+ 53. Rf2 Qd1 54. Rf1 Qd5+ 55. Rf3 Qd4 56. Rf2 f6 57. Kh2 Qe4 58. Re2 Qd3 59. Re7+ Kf8 60. Rd7 Qxd7 0-1

[Event "Late-Titled-Tuesday-Blitz-April-02-2024"]
[Site "Chess.com"]
[Date "2024.04.02"]
[Round "4"]
[White "jcmesafischer"]
[Black "expii"]
[Result "1/2-1/2"]
[WhiteElo "2369"]
[BlackElo "2230"]
[TimeControl "180+1"]
[EndTime "14:38:29 PDT"]
[Termination "Game drawn - insufficient material"]

1. e4 c5 2. Nf3 d6 3. Bb5+ Bd7 4. Bxd7+ Qxd7 5. c4 Nc6 6. d4 cxd4 7. Nxd4 Nf6 8. Nc3 g6 9. O-O Bg7 10. f3 O-O 11. Be3 Ne5 12. b3 Nc6 13. Qd2 Nxd4 14. Bxd4 Ne8 15. Bxg7 Nxg7 16. c5 Rfd8 17. Rfd1 Qe6 18.
b4 Rac8 19. Nb5 a6 20. Nd4 Qf6 21. Ne2 Ne6 22. cxd6 Rxd6 23. Qe1 Rxd1 24. Rxd1 Kg7 25. Ng3 Qc3 26. Qxc3+ Rxc3 27. Rd2 Rc4 28. Rb2 b5 29. Ne2 Nd4 30. Kf2 e5 31. Ng3 h5 32. Nf1 Rc2+ 33.
Rxc2 Nxc2 34. Ne3 Nxb4 35. a3 Nd3+ 36. Ke2 Nf4+ 37. Kd2 h4 38. g3 hxg3 39. hxg3 Nh5 40. g4 Nf4 41. Kc3 Ne2+ 42. Kb4 Nd4 43. Ka5 Nxf3 44.
Kxa6 Nd4 45. Kb6 f6 46. Nd5 f5 47. gxf5 gxf5 48. exf5 e4 49. Nc3 e3 50. Kc5 e2 51. Nxe2 Nxe2 52. Kxb5 Nc3+ 53. Kb4 Nd5+ 54. Kc5 Nc7 55. a4 Kf6 56. a5 Na6+ 57. Kb6 Nb4 58.
Kb5 Nd5 59. Kc6 Nb4+ 60. Kb5 Nd5 61. Kc5 Nc7 62. Kc6 Na6 63. Kb5 Nc7+ 64. Kc6 Na6 65. Kb7 Nb4 66. Kb6 Kxf5 67. Kb5 Nd5 68. Kc6 Ke6 69. a6 Nb4+ 70. Kb5 Nxa6 1/2-1/2

[Event "Late-Titled-Tuesday-Blitz-April-02-2024"]
[Site "Chess.com"]
[Date "2024.04.02"]
[Round "4"]
[White "Sargsyan_Shant"]
[Black "RealPerangel"]
[Result "1/2-1/2"]
[WhiteElo "2949"]
[BlackElo "2558"]
[TimeControl "180+1"]
[EndTime "14:38:30 PDT"]
[Termination "Game drawn by repetition"]

1. c4 c5 2. g3 g6 3. Bg2 Nc6 4.
Nc3 Bg7 5. d3 e6 6. Qd2 Nge7 7.
h4 h5 8. Nh3 d6 9. Ng5 Nf5 10.
b3 O-O 11. Bb2 Qe7 12. O-O Bd7 13. e3 Rab8 14. Nce4 Ne5 15. d4 cxd4 16. exd4 Ng4 17. Rfe1 Bh6 18. Qb4 b6 19. Rad1 Rfd8 20. Qc3 Bg7 21.
Qd2 Bh6 22. Qc3 Bg7 23. Qc1 Bh6 24. Qa1 Bc8 25. Nc3 Bxg5 26. hxg5 Qxg5 27. Ne4 Qe7 28. Bf3 Nf6 29. Nc3 Nh7 30. Bg2 Bb7 31.
d5 e5 32. Qc1 Re8 33. Ne4 f6 34. Bh3 Bc8 35. Kh2 Rd8 36. Ba3 a5 37. f4 Ng7 38. fxe5 fxe5 39. Bxc8 Rbxc8 40. Qh6 Qf7 41. Qe3 Nf5 42. Qxb6 Nf6 43. Ng5 Ng4+ 44. Kg2 Qf6 45. Ne4 Qf7 46. Bc1 a4 47. Bg5 Rd7 48. Rf1 axb3 49.
axb3 Ra8 50. Ra1 Rxa1 51. Rxa1 Kg7 52. Rf1 Rb7 53. Qd8 Rxb3 54. Kh3 Rb2 55. Rh1 Rb3 56. Rf1 Rb2 57. Rh1 Rb3 58. Rf1 1/2-1/2

[Event "Late-Titled-Tuesday-Blitz-April-02-2024"]
[Site "Chess.com"]
[Date "2024.04.02"]
[Round "4"]
[White "Tugrik1969"]
[Black "RodokininEV"]
[Result "0-1"]
[WhiteElo "2556"]
[BlackElo "2703"]
[TimeControl "180+1"]
[EndTime "14:38:30 PDT"]
[Termination "RodokininEV won on time"]

1. d4 Nf6 2. c4 e6 3. Nf3 Bb4+ 4. Bd2 Be7 5. g3 d5 6. Bg2 O-O 7. O-O c6 8. Nc3 Ne4 9. Qc2 f5 10. Bf4 Nd7 11. Ne5 Ndf6 12. f3 Nd6 13. c5 Nde8 14. Rad1 Nd7 15. Nxd7 Bxd7 16. e4 Bf6 17. exf5 exf5 18.
Rfe1 g6 19. Be5 Ng7 20. f4 Be6 21. Re3 Qd7 22. Rde1 Rae8 23. b4 Re7 24. a4 Bxe5 25. Rxe5 Rfe8 26. R1e3 Nh5 27. b5 Nf6 28. Bf1 Ne4 29.
Qb3 Kf7 30. Nd1 Nf6 31. Nf2 h6 32. a5 Qc7 33. b6 axb6 34. axb6 Qb8 35. Qa3 Nd7 36. Nd3 Nxe5 37. Nxe5+ Kg7 38. Qa1 Bg8 39. Ra3 g5 40. Qc1 g4 41. Qa1 Qc8 42. Ra7 Qe6 43. Ra3 Qf6 44. h4 gxh3 45. Bxh3 Kh8 46. Kh2 Be6 47.
Ra7 Rg7 48. Qd1 Reg8 49. Ra3 Bc8 50. Qh5 Be6 51. Qe2 Bf7 52. Qd1 h5 53. Qc2 Bg6 54. Nf3 Bh7 55. Re3 Rxg3 56. Qf2 h4 0-1

[Event "Late-Titled-Tuesday-Blitz-April-02-2024"]
[Site "Chess.com"]
[Date "2024.04.02"]
[Round "4"]
[White "MaestroCheck"]
[Black "Franmu14"]
[Result "1-0"]
[WhiteElo "2563"]
[BlackElo "2671"]
[TimeControl "180+1"]
[EndTime "14:38:31 PDT"]
[Termination "MaestroCheck won by checkmate"]

1. e4 e5 2. Nf3 Nc6 3. Bc4 Bc5 4.
Nc3 Nf6 5. d3 d6 6. Na4 Bb6 7.
a3 h6 8. h3 O-O 9. O-O Re8 10.
c3 Be6 11. Bxe6 Rxe6 12. Re1 d5 13. exd5 Qxd5 14. c4 Qd6 15. b4 Bd4 16. Nxd4 exd4 17. Rxe6 fxe6 18. Nc5 b6 19. Nb3 a5 20. b5 Ne7 21. a4 Nf5 22. Ba3 Qf4 23. Qd2 Qxd2 24. Nxd2 e5 25. Re1 Re8 26. c5 Nh5 27. cxb6 cxb6 28. g4 Nf4 29. gxf5 Nxd3 30. Rd1 Nf4 31. Nc4 e4 32. Bd6 Ne2+ 33. Kf1 Nc3 34. Rxd4 Nxa4 35.
Bf4 Nc3 36. Nxb6 Rf8 37. Nd7 Nxb5 38. Rd5 Nc3 39. Rxa5 Rd8 40. Nc5 Rd1+ 41. Kg2 Rd5 42. Ra8+ Kf7 43. Be3 Rxf5 44. Ra7+ Kg6 45. Ne6 Rf7 46.
Rxf7 Kxf7 47. Nxg7 Nd5 48. Nf5 h5 49. Ng3 Kg6 50.
Nxe4 Kf5 51. Ng3+ Kg6 52. h4 Nf6 53. Bd4 Ng4 54. f3 Nh6 55. Kf2 Nf7 56. Ke3 Nd6 57. f4 Nc4+ 58. Ke4 Nd2+ 59. Ke5 Nf3+ 60. Kd5 Nxh4 61. Ke6 Nf3 62. f5+ Kg5 63. Be3+ Kg4 64. f6 Kxg3 65. f7 h4 66. f8=Q h3 67. Qf4+ Kg2 68.
Qg4+ Kh2 69. Bf4+ Kh1 70. Qxh3+ Kg1 71. Qg3+ Kf1 72. Qxf3+ Ke1 73. Qe3+ Kf1 74. Bg3 Kg2 75. Kf5 Kh3 76. Kf4 Kg2 77. Qf2+ Kh3 78. Qh2# 1-0

[Event "Late-Titled-Tuesday-Blitz-April-02-2024"]
[Site "Chess.com"]
[Date "2024.04.02"]
[Round "4"]
[White "youngdinousaur"]
[Black "Chessdemon2019"]
[Result "1-0"]
[WhiteElo "2234"]
[BlackElo "2379"]
[TimeControl "180+1"]
[EndTime "14:38:31 PDT"]
[Termination "youngdinousaur won by checkmate"]

1. d4 e6 2. e4 d5 3. e5 c5 4. c3 Nc6 5. Nf3 b6 6. Bd3 a5 7. Qe2 Qc7 8. O-O Nge7 9. a3 c4 10. Bc2 Ba6 11. Bg5 h6 12. Bh4 g5 13. Bg3 O-O-O 14. Nbd2 Ng6 15. b4 Bb5 16. a4 axb4 17.
axb5 Na5 18. cxb4 Bxb4 19. Rfb1 Qe7 20. Nf1 h5 21. h3 g4 22. hxg4 hxg4 23. N3d2 Bc3 24.
Ra2 Bxd4 25. Nh2 Rh7 26. Qxg4 Rdh8 27. Qxd4 Kb7 28. Bxg6 fxg6 29. Rba1 Qb4 30. Ndf3 Qxb5 31. Ng5 Re7 32. Qg4 c3 33. Nxe6 Rc8 34. Nd4 Qc4 35.
Nc2 Qc5 36. Qxg6 d4 37. Qd3 Rd7 38. Nf3 Rh8 39. Qe4+ Ka6 40. Ncxd4 Rdh7 41. Bh2 Qc4 42. Qe2 Qxe2 43. Nxe2 c2 44. Rxc2 b5 45. Rca2 Kb6 46. Rxa5 b4 47. Ra6+ Kb5 48. R1a5+ Kc4 49. Rc6+ Kd3 50.
Nf4+ Ke4 51. Rc4+ Kf5 52. e6+ Kf6 53. Rxb4 Rc8 54. Ra1 Rg7 55. Re1 Ke7 56. Nd5+ Ke8 57. e7 Rf7 58. Nc7+ Rxc7 59. Bxc7 Rf5 60. Rb8+ Kf7 61. e8=Q+ Kg7 62. Qg8+ Kh6 63. Rb6+ Kh5 64. g4# 1-0

[Event "Late-Titled-Tuesday-Blitz-April-02-2024"]
[Site "Chess.com"]
[Date "2024.04.02"]
[Round "4"]
[White "IMRosen"]
[Black "sergiochess83"]
[Result "1-0"]
[WhiteElo "2678"]
[BlackElo "2962"]
[TimeControl "180+1"]
[EndTime "14:38:32 PDT"]
[Termination "IMRosen won on time"]

1. e4 e6 2. f4 d5 3. e5 c5 4. Nf3 Nc6 5. c3 Nh6 6. Na3 Nf5 7. Bd3 d4 8. Nc2 Be7 9. O-O O-O 10. Be4 Bd7 11.
d3 dxc3 12. bxc3 Na5 13. g4 Nh6 14. h3 Bc6 15. Qe2 Qd7 16. Ne3 Rad8 17. c4 f5 18. exf6 Bxf6 19. Rb1 Nf7 20. g5 Be7 21. Ng4 Bxe4 22.
dxe4 Qd3 23. Qxd3 Rxd3 24. Nge5 Nxe5 25. Nxe5 Rd4 26. Re1 Bd6 27. Nf3 Rd3 28. e5 Be7 29. Be3 b6 30. Rbc1 Rfd8 31. Kf2 Ra3 32. Re2 Kf7 33.
Rec2 Rdd3 34. Re2 Nc6 35. Nd2 Rxa2 36. Ne4 Rxe2+ 37. Kxe2 Rd7 38. h4 Nb4 39. h5 a5 40.
Rg1 a4 41. g6+ hxg6 42. hxg6+ Kg8 43. Ra1 Ra7 44. Bc1 Nc2 45. Ra2 Nd4+ 46. Kf2 b5 47.
cxb5 Nxb5 48. Bb2 Kf8 49. Nc3 Nxc3 50. Bxc3 c4 51. Ke3 Bc5+ 52. Ke4 Ke7 53. f5 exf5+ 54. Kd5 Be3 55. Bb4+ Ke8 56. Kxc4 f4 57. Kd3 Ra6 58.
Ke4 Kd7 59. Kd5 Ke8 60. Bd6 Rb6 61. Ke6 Ra6 62. Rh2 1-0

[Event "Late-Titled-Tuesday-Blitz-April-02-2024"]
[Site "Chess.com"]
[Date "2024.04.02"]
[Round "4"]
[White "Shahdad2007"]
[Black "TanitoluwaAps116"]
[Result "0-1"]
[WhiteElo "2582"]
[BlackElo "2805"]
[TimeControl "180+1"]
[EndTime "14:38:37 PDT"]
[Termination "TanitoluwaAps116 won on time"]

1. Nf3 Nf6 2. c4 e6 3. g3 d5 4. Bg2 a6 5. O-O dxc4 6. a4 Nc6 7. Na3 Bxa3 8. Rxa3 O-O 9. d3 cxd3 10. Rxd3 Qe7 11. b3 e5 12. Bg5 h6 13. Bxf6 Qxf6 14. Nd2 Bf5 15. Rc3 e4 16. Qa1 Nd4 17. Re1 Rfe8 18. e3 Nc6 19. Rc4 Qg6 20. Qb1 Rad8 21. Bxe4 Rxd2 22. Bxf5 Qf6 23. Rf4 Qd6 24. Be4 Ne5 25.
Qc1 c6 26. Qc3 Rd8 27. h4 Qe6 28. Bf5 Qd5 29. Be4 Qd6 30. h5 Qe6 31. Bf5 Qe7 32. Be4 Qd6 33. Kg2 b5 34. axb5 cxb5 35. b4 Qe7 36. Ra1 R2d6 37. Rc1 Nc4 38. Qe1 Re6 39. Bf3 Qg5 40. Rd1 Rde8 41. Rd5 Qe7 42. Rfd4 Kh8 43.
Rd7 Qg5 44. Rg4 Qf6 45. Rf4 Qg5 46. Rfxf7 R6e7 47. Rfxe7 Rxe7 48. Rd8+ Kh7 49. Qb1+ g6 50.
hxg6+ Kg7 51. Qa1+ Ne5 52. Rd5 Qf6 53. Be4 h5 54. f4 Ng4 55. Qxf6+ Nxf6 56. Rd6 Rxe4 57. Rxa6 Rxb4 58. f5 Re4 59. Kf3 Re7 60. Rb6 Rxe3+ 0-1

[Event "Late-Titled-Tuesday-Blitz-April-02-2024"]
[Site "Chess.com"]
[Date "2024.04.02"]
[Round "4"]
[White "misterlamine"]
[Black "TheMagician"]
[Result "0-1"]
[WhiteElo "2463"]
[BlackElo "2309"]
[TimeControl "180+1"]
[EndTime "14:38:43 PDT"]
[Termination "TheMagician won by resignation"]

1. d4 Nf6 2. Nf3 e6 3. Bf4 c5 4. e3 Nc6 5. c3 Qb6 6. Qb3 d5 7. Bb5 Bd7 8. O-O c4 9. Qa4 a6 10. Bxc6 Bxc6 11. Qc2 Be7 12. Nbd2 O-O 13. h3 Rfc8 14.
Ne5 Be8 15. Bg5 Qc7 16. f4 b5 17. f5 a5 18. Rf2 Ra6 19. Raf1 b4 20. fxe6 Rxe6 21. Bxf6 Rxf6 22. Rxf6 Bxf6 23. Ng4 Bg5 24. Nf3 Qe7 25. Nxg5 Qxg5 26. Rf5 Qd8 27. Qf2 Rc6 28.
Qf3 Rd6 29. Ne5 f6 30. Ng4 Bg6 31. Rf4 Be4 32. Qg3 Kh8 33. Nf2 Bg6 34. e4 dxe4 35. Nxe4 Re6 36. Nc5 Re2 37. Qf3 Qe7 38. Kh2 bxc3 39. bxc3 Be8 40. Qa8 g5 41. Re4 Rxe4 42. Nxe4 Kg7 43. Ng3 Bg6 44. Qxa5 Qe3 45. Qb4 h5 46. Nf1 Qf4+ 47. Kg1 h4 48. Nh2 Bd3 49. Nf3 Qe3+ 50. Kh2 Qf4+ 51. Kg1 Be4 52. Qe7+ Kg6 53. Qe8+ Kg7 54. Qe7+ Kh6 55. Qe8 Bxf3 56. gxf3 Qg3+ 57.
Kf1 Qxf3+ 58. Ke1 Qxc3+ 59. Ke2 Qd3+ 60. Kf2 Qxd4+ 61. Qe3 Qxe3+ 62. Kxe3 g4 63. hxg4 h3 64. a4 h2 65. a5 h1=Q 66. a6 Qa8 0-1

[Event "Late-Titled-Tuesday-Blitz-April-02-2024"]
[Site "Chess.com"]
[Date "2024.04.02"]
[Round "4"]
[White "AmanteDeMoi"]
[Black "Shankland"]
[Result "0-1"]
[WhiteElo "2599"]
[BlackElo "2908"]
[TimeControl "180+1"]
[EndTime "14:38:48 PDT"]
[Termination "Shankland won on time"]

1. Nf3 d5 2. e3 Nf6 3. c4 c6 4. b3 Bg4 5. Bb2 e6 6. Be2 Nbd7 7. O-O Bd6 8. d3 O-O 9. Nbd2 Qe7 10. Qc2 a5 11. Rac1 Rfd8 12. cxd5 exd5 13. Rfe1 a4 14. h3 Bh5 15. Nd4 Bg6 16. N2f3 Ba3 17. Bxa3 Qxa3 18. Qc3 c5 19. Nb5 Qxa2 20. Nd2 axb3 21. Nxb3 d4 22.
exd4 Nd5 23. Qc4 N7b6 24. Qc2 Qxc2 25. Rxc2 c4 26. Nc5 Nf4 27. Rd2 Nxe2+ 28. Rexe2 cxd3 29. Nxd3 Nc4 30. Rd1 h6 31. Ne5 Nxe5 32. Rxe5 Ra5 33. Rde1 f6 34. Rc5 b6 35. Rc7 Rxb5 36. Ree7 Kh8 37.
Rxg7 Bb1 38. Rgf7 Rg5 39. Rxf6 Rg6 40. Rxg6 Bxg6 41. Rc6 Kg7 42. Rxb6 Rxd4 43. f3 h5 44. Kh2 h4 45. Re6 Kh6 46. Re5 Bh7 47. Re2 Kg5 48. Kg1 Kf4 49. Kf2 Bf5 50. Rb2 Rc4 51. Ra2 Rc2+ 52. Rxc2 Bxc2 53. Kg1 Kg3 0-1

[Event "Late-Titled-Tuesday-Blitz-April-02-2024"]
[Site "Chess.com"]
[Date "2024.04.02"]
[Round "4"]
[White "Chempiblinka"]
[Black "JaackCamel"]
[Result "0-1"]
[WhiteElo "2341"]
[BlackElo "2197"]
[TimeControl "180+1"]
[EndTime "14:38:49 PDT"]
[Termination "JaackCamel won by checkmate"]

1. Nf3 d5 2. g3 g6 3. Bg2 Bg7 4. O-O e5 5. d3 Ne7 6. c4 c6 7. cxd5 cxd5 8. Nc3 O-O 9. Bd2 Nbc6 10. Rc1 h6 11. a3 Be6 12. e3 Rc8 13. Na4 b6 14.
Bc3 Qd7 15. d4 e4 16. Ne5 Nxe5 17. dxe5 Nc6 18. b4 Nxe5 19. Qd4 Nf3+ 20. Bxf3 Bxd4 21. Bxd4 exf3 22. Nc3 Bf5 23. Kh1 Be4 24. Rg1 Qh3 25. Be5 Rc4 26. Bf6 Rfc8 27. g4 g5 28. Rg3 Rxc3 29. Bxc3 Rxc3 30. Rd1 Qg2+ 31. Rxg2 fxg2+ 32. Kg1 Bf3 33. Ra1 Bxg4 34. Kxg2 Bf5 35.
Kf3 Kg7 36. Ke2 Kf6 37. Rd1 Ke5 38. Ra1 Be4 39. Kd2 Rc2+ 40. Ke1 Bf3 41. Kf1 h5 42. Ke1 h4 43. a4 g4 44. a5 b5 45. Rb1 Ke4 46.
Rb3 Re2+ 47. Kf1 Rc2 48. Rb1 Kd3 49. Re1 h3 50. Kg1 Kc3 51. Rb1 Rb2 52. Rc1+ Kxb4 53. Rf1 Kxa5 54. Ra1+ Kb6 55. Rf1 a5 56. Re1 a4 57. e4 dxe4 58. Rf1 b4 59. Ra1 a3 60. Kf1 a2 61. Ke1 Rb1+ 62. Kd2 Rxa1 63. Ke3 Rh1 64. Kf4 a1=Q 65. Kg3 Rg1+ 66. Kf4 Rg2 67. Kg5 Rxh2 68. Kh4 Rxf2 69. Kg3 Rg2+ 70. Kf4 Qc1+ 71. Ke5 Qc5+ 72. Kf4 Qd6+ 73. Ke3 Re2# 0-1